[Event "Early-Titled-Tuesday-Blitz-July-09-2024"]
[Site "Chess.com"]
[Date "2024.07.09"]
[Round "10"]
[White "CSB7"]
[Black "Fandorine"]
[Result "0-1"]
[WhiteElo "2770"]
[BlackElo "2922"]
[TimeControl "180+1"]
[EndTime "9:57:46 PDT"]
[Termination "Fandorine won by resignation"]

1. e4 c5 2. Nf3 g6 3. d4 cxd4 4. Qxd4 Nf6 5. Nc3 Nc6 6. Qa4 d6 7. e5 dxe5 8. Nxe5 Bd7 9. Nxd7 Qxd7 10. Be3 Bg7 11. Rd1 Qc8 12. Be2 O-O 13. O-O a6 14. Qh4 h5 15. h3 Qf5 16. Rd2 Rad8 17. Rfd1 Rxd2 18. Rxd2 Rc8 19. a3 Qa5 20. Bc4 e6 21. Bb3 Ne7 22. Qa4 Qxa4 23. Bxa4 Nf5 24. Bb6 Bh6 25. Rd8+ Rxd8 26. Bxd8 Kg7 27. Ne2 h4 28.
Kf1 Ne4 29. Ke1 Bd2+ 30. Kf1 Bg5 31. Ba5 Nfd6 32. Bb3 Nd2+ 33. Bxd2 Bxd2 34. f3 g5 35. c3 Kf6 36. a4 a5 37. Kf2 Nf5 38. Nd4 Nd6 39.
Bc2 Bc1 40. b3 Bd2 41. Ne2 Ke5 42. Bd3 b6 43. b4 axb4 44. cxb4 Bxb4 45. f4+ gxf4 46.
Kf3 Bd2 47. Bc2 Nb7 48. Kg4 f5+ 49. Kxh4 Kf6 50. Kh5 e5 51. Ng1 e4 52. Ne2 Nc5 53. h4 Ne6 54. Kh6 f3+ 0-1

[Event "Early-Titled-Tuesday-Blitz-July-09-2024"]
[Site "Chess.com"]
[Date "2024.07.09"]
[Round "10"]
[White "FormerProdigy"]
[Black "sergeikim"]
[Result "0-1"]
[WhiteElo "2930"]
[BlackElo "2613"]
[TimeControl "180+1"]
[EndTime "9:57:46 PDT"]
[Termination "sergeikim won by resignation"]

1. c4 Nf6 2. Nc3 d6 3. g3 g6 4. Bg2 Bg7 5. d4 O-O 6. Nf3 Nbd7 7. O-O e5 8. e4 exd4 9. Nxd4 Re8 10. h3 Nc5 11.
Re1 c6 12. Bf4 Nh5 13. Be3 a5 14. b3 a4 15. b4 Ne6 16. Rc1 Ng5 17. Kh2 a3 18.
Qd2 Ne6 19. Red1 Qe7 20. Nce2 Nf6 21. Nxe6 Bxe6 22. Qxd6 Qxd6 23. Rxd6 Bf8 24. e5 Nd7 25. b5 Nxe5 26. Rxe6 Rxe6 27. Nd4 Ree8 28. bxc6 bxc6 29. Nxc6 Rac8 30. Nxe5 Rxe5 31. Bd5 Bc5 32. Bxc5 Rxc5 33.
Rb1 Re2 34. Kg2 Rb2 35. Re1 Rc7 36. Re8+ Kg7 37. Ra8 Rxa2 38. Ra6 Ra1 39. g4 g5 40. Kf3 a2 41. Kg2 h6 42. Kh2 Re7 43. c5 Re5 44. Rxa2 Rxa2 45. Bxa2 Rxc5 46. Kg2 Kf6 47. Bb3 Rc3 48. Bd5 Ke7 49. Be4 Kd6 50. Bf5 Ke5 51. Bd7 Kd4 52. Be8 f6 53. Bg6 Ra3 54. Bf5 Kc3 55. Kf1 Kd2 56. Bd7 Rxh3 57. Kg2 Rd3 58. Be6 Rd4 59. Bc8 Ke1 60. Be6 Rd2 61. Kf3 Rxf2+ 62. Ke4 Rf4+ 63. Ke3 Kf1 64. Bf5 Kg2 0-1

[Event "Early-Titled-Tuesday-Blitz-July-09-2024"]
[Site "Chess.com"]
[Date "2024.07.09"]
[Round "10"]
[White "ketster"]
[Black "RandomNoob04"]
[Result "1/2-1/2"]
[WhiteElo "2589"]
[BlackElo "2753"]
[TimeControl "180+1"]
[EndTime "9:57:46 PDT"]
[Termination "Game drawn by repetition"]

1. Nf3 d5 2. d4 Bf5 3. c4 e6 4. Nc3 Nf6 5. g3 c6 6. Nh4 Bg4 7. h3 Bh5 8. g4 Bg6 9. Nxg6 hxg6 10. g5 Nfd7 11. Qb3 Qc7 12. cxd5 exd5 13. Bg2 Bd6 14.
Bd2 Nb6 15. e4 dxe4 16. Nxe4 O-O 17. O-O Bf4 18. Rad1 N8d7 19. Qf3 Bxd2 20. Rxd2 Rfe8 21. b3 Nd5 22. Re1 Rad8 23. Rdd1 N7b6 24. Nc5 Nf4 25. h4 Nbd5 26. Kh1 b6 27. Ne4 Re7 28. Ng3 Rde8 29.
Rxe7 Rxe7 30. h5 gxh5 31. Nxh5 Nxh5 32. Qxh5 Nf4 33. Qh2 Qd6 34. Qg3 Re6 35. Kh2 Ne2 36.
Qxd6 Rxd6 37. d5 Nf4 38. Kg3 Nxd5 39. f4 f6 40. Rc1 fxg5 41. fxg5 Kf7 42. Rxc6 Rxc6 43.
Bxd5+ Re6 44. Kg4 Ke7 45. Bxe6 Kxe6 46. Kf4 g6 47. Ke4 Kd6 48. Kd4 Ke6 49. Ke4 Kd6 50. Kd4 b5 51. b4 Ke6 52. Ke4 Kd6 53. Kd4 Ke6 54. Ke4 a6 55. a3 Kd6 56. Kd4 Ke6 57. Ke4 Kd6 58. Kd4 Ke6 59. Ke4 1/2-1/2

[Event "Early-Titled-Tuesday-Blitz-July-09-2024"]
[Site "Chess.com"]
[Date "2024.07.09"]
[Round "10"]
[White "JavierRuizVazquez"]
[Black "bazar-wokzal"]
[Result "0-1"]
[WhiteElo "2410"]
[BlackElo "2619"]
[TimeControl "180+1"]
[EndTime "9:57:46 PDT"]
[Termination "bazar-wokzal won by checkmate"]

1. e4 Nc6 2. d4 d5 3. exd5 Qxd5 4. Ne2 Nf6 5. b3 e5 6. c4 Qa5+ 7. Bd2 Bb4 8. d5 Ne7 9. Bxb4 Qxb4+ 10. Qd2 a5 11. Qc3 c6 12. dxc6 Nxc6 13. a3 Qe7 14. Nd2 O-O 15. Ng3 Rd8 16. Be2 Nd4 17. Bd1 b5 18.
O-O b4 19. axb4 axb4 20. Qb2 Rxa1 21. Qxa1 h5 22. Nf3 Nxf3+ 23. Bxf3 h4 24. Ne4 Nxe4 25.
Bxe4 h3 26. Re1 hxg2 27. Bxg2 f6 28. Qb1 Be6 29. Qe4 Qc5 30. Qe2 Qd4 31. Qf3 Bg4 32.
Qe3 Qxe3 33. fxe3 Rd3 34. Bd5+ Kf8 35. Rb1 Rxe3 36. Kf2 Rd3 37. Be4 Rd4 38. Ke3 f5 39. Bd5 f4+ 40. Kf2 Rd2+ 41. Kg1 Ke7 42. Ra1 Kd6 43.
Ra6+ Kc5 44. Rg6 Bd1 45. Rxg7 Bxb3 46. Rg8 Kd4 47. Rd8 Ke3 48. h4 Bxc4 49. Rf8 Bxd5 50. h5 Rd1+ 51. Kh2 Rh1# 0-1

[Event "Early-Titled-Tuesday-Blitz-July-09-2024"]
[Site "Chess.com"]
[Date "2024.07.09"]
[Round "10"]
[White "RedFirePanda"]
[Black "le-castor-faineant"]
[Result "0-1"]
[WhiteElo "2422"]
[BlackElo "2321"]
[TimeControl "180+1"]
[EndTime "9:57:46 PDT"]
[Termination "le-castor-faineant won by resignation"]

1. d4 Nf6 2. Bf4 g6 3. e3 Bg7 4. c3 d6 5. Nd2 O-O 6. Ngf3 Nbd7 7. h3 Re8 8. Be2 e5 9. dxe5 dxe5 10. Bh2 Qe7 11. O-O b6 12. Qc2 Bb7 13. Rfd1 Rad8 14. Rac1 a5 15. a4 Nc5 16. Bxe5 Nce4 17. Bh2 Nxf2 18. Kxf2 Qxe3+ 19. Kf1 Qxe2+ 20. Kg1 Bxf3 21. gxf3 Nd5 22. Re1 Qa6 23. Ne4 Qc8 24. Nf2 Ne3 25. Qb1 Rd2 26. Bf4 Rxf2 27. Kxf2 Nd5 28. Rxe8+ Qxe8 29. Re1 Qxa4 30. Bg3 h5 31. h4 Qb5 32. Qc2 a4 33. Qe2 Qc5+ 34. Kg2 Kh7 35. Qe8 Qc4 36. Qe4 Qb3 37. Kh3 a3 38. bxa3 Nxc3 39. Qe8 c5 40.
Re7 Qd1 41. Qxf7 Qh1+ 42. Bh2 Qf1+ 43. Kg3 Ne2+ 44. Rxe2 Qxe2 45. Qc7 Qe5+ 46. Qxe5 Bxe5+ 47. Kg2 Bxh2 48. Kxh2 Kg7 49. Kg2 Kf6 50. Kf2 Ke5 51. Ke3 Kf5 52. Kd3 b5 53. Ke3 Ke5 54. Kd3 Kf4 55. Ke2 c4 56. Kd2 Kxf3 57. Kc3 Kg4 58. Kb4 Kxh4 59. Kxb5 c3 60. a4 c2 61. a5 c1=Q 62. Kb6 Qa1 63. Ka7 Qxa5+ 64. Kb7 0-1

[Event "Early-Titled-Tuesday-Blitz-July-09-2024"]
[Site "Chess.com"]
[Date "2024.07.09"]
[Round "10"]
[White "biveklama"]
[Black "mind1mover"]
[Result "0-1"]
[WhiteElo "2683"]
[BlackElo "2830"]
[TimeControl "180+1"]
[EndTime "9:57:50 PDT"]
[Termination "mind1mover won on time"]

1. c4 f5 2. g3 e5 3. Nf3 d6 4. Bg2 Nf6 5. O-O Be7 6. b4 O-O 7. Bb2 Qe8 8. Nc3 Nc6 9. b5 Nd8 10. a4 a5 11. Nd5 Nxd5 12. cxd5 Nf7 13. Rc1 Bd8 14. d3 f4 15. Nd2 Ng5 16. Ne4 Qh5 17. Rc4 f3 18. exf3 Nxf3+ 19. Bxf3 Qxf3 20. Qxf3 Rxf3 21. Rfc1 Bf5 22. b6 cxb6 23. Nxd6 Bd7 24. Bxe5 Rxd3 25. Nxb7 Rxd5 26. Bd4 b5 27. axb5 Bxb5 28. Rc5 Rxc5 29. Rxc5 Be8 30. Nxd8 Rxd8 31. Bc3 a4 32. Ra5 Rc8 33.
Bd4 Rc4 34. Be3 Rc3 35. Kf1 h6 36. Ke1 Rc2 37. Kd1 Ra2 38. Kc1 Bg6 39. h4 a3 40. Bc5 Rc2+ 41. Kd1 a2 42. Bd4 Rc4 43. Be5 Re4 44. f4 Bh5+ 45. Kd2 Re2+ 46. Kd3 Rg2 47. Kd4 Bg4 48. Ra7 Kf8 49. Bxg7+ Ke8 50. Kc5 Rc2+ 51. Kd6 Bf3 0-1

[Event "Early-Titled-Tuesday-Blitz-July-09-2024"]
[Site "Chess.com"]
[Date "2024.07.09"]
[Round "10"]
[White "Sic_Transit_GM"]
[Black "slidingknight2775"]
[Result "1-0"]
[WhiteElo "2626"]
[BlackElo "2750"]
[TimeControl "180+1"]
[EndTime "9:57:51 PDT"]
[Termination "Sic_Transit_GM won by checkmate"]

1. Nf3 Nf6 2. c4 e6 3. e3 d5 4. Nc3 dxc4 5. Bxc4 a6 6. O-O b5 7. Be2 Bb7 8. d4 c5 9. Re1 Be7 10. Qc2 O-O 11. dxc5 Bxc5 12. Nxb5 Bb4 13. Nc3 Nbd7 14. a3 Bd6 15. Bd2 Rc8 16. Rad1 Qc7 17. h3 Qb8 18. Qb1 Ne5 19. Nxe5 Bxe5 20. Bf1 Bh2+ 21. Kh1 Be5 22. Rc1 Rcd8 23. Qc2 Qa8 24. Kg1 Qb8 25. Red1 Bh2+ 26. Kh1 Be5 27. Be1 Rc8 28. Qa4 Qa8 29. Kg1 h6 30. Ne2 Rxc1 31. Rxc1 Bxb2 32. Rb1 Be5 33. f4 Bc7 34. Nd4 Be4 35. Rc1 Bb6 36. Qxa6 Bxd4 37. exd4 Qd8 38. Rd1 Qd5 39. Qe2 Ra8 40. Bb4 Qd7 41. Qb5 Bc6 42. Qe5 Nd5 43. Be2 Bb5 44.
Bf3 Bc6 45. Rc1 Nxb4 46. axb4 Bxf3 47. gxf3 Qb7 48. Qe3 Qd5 49. Qe4 Qb3 50. Qxa8+ Kh7 51. Qe4+ g6 52. Rc7 Kg7 53. Qe5+ Kg8 54. Rc8+ Kh7 55.
Rh8# 1-0

[Event "Early-Titled-Tuesday-Blitz-July-09-2024"]
[Site "Chess.com"]
[Date "2024.07.09"]
[Round "10"]
[White "GrumbleBruno"]
[Black "Chess_master1982"]
[Result "1/2-1/2"]
[WhiteElo "2527"]
[BlackElo "2645"]
[TimeControl "180+1"]
[EndTime "9:57:51 PDT"]
[Termination "Game drawn - insufficient material"]

1. e4 Nf6 2. d3 d5 3. e5 Nfd7 4. e6 fxe6 5. f4 Nf6 6. Nf3 c5 7. Nbd2 Nc6 8. g3 g6 9. Bg2 Bg7 10. O-O O-O 11. Qe2 Qd6 12. Ne5 Nd4 13. Qd1 Rb8 14. c3 Nc6 15. Ndf3 b5 16. Qe2 b4 17. c4 Nd4 18. Nxd4 cxd4 19. b3 Bb7 20. Bb2 dxc4 21.
Nxc4 Qd7 22. Rfe1 Bxg2 23. Kxg2 Qb7+ 24. Kg1 Nd5 25. Qxe6+ Kh8 26. Re5 Nc3 27. Rae1 Qf3 28. Qd7 Rbd8 29. Qxe7 Qxd3 30. Nd6 Rxd6 31. Qxd6 h5 32. Re8 Rxe8 33. Rxe8+ Kh7 34. Qe6 Qb1+ 35. Kg2 Qxb2+ 36. Kh3 Qc2 37. Qg8+ Kh6 38. Re7 Qf5+ 39. Kg2 Qd5+ 40. Qxd5 Nxd5 41. Rxa7 Nc3 42. Kf3 Bf6 43. h3 g5 44. g4 gxf4 45. Ra6 hxg4+ 46. hxg4 Kg7 47. Kxf4 Be7 48. g5 d3 49. Ke3 Bxg5+ 50. Kxd3 Be7 51. Kc4 Nb1 52. Ra7 Kf6 53. Rxe7 Kxe7 54. Kxb4 Kd6 55. a4 Kc6 56. Ka5 Nc3 57.
b4 Kb7 58. b5 Nd5 59. b6 Nxb6 60. Kb5 Nd5 61. a5 Kc7 62. a6 Kb8 63. a7+ Kxa7 1/2-1/2

[Event "Early-Titled-Tuesday-Blitz-July-09-2024"]
[Site "Chess.com"]
[Date "2024.07.09"]
[Round "10"]
[White "FGHSMN"]
[Black "FXDon77"]
[Result "1-0"]
[WhiteElo "3006"]
[BlackElo "2884"]
[TimeControl "180+1"]
[EndTime "9:57:52 PDT"]
[Termination "FGHSMN won by resignation"]

1. e4 e5 2. Nf3 Nf6 3. Nc3 Nc6 4. Bb5 Nd4 5. O-O c6 6. Bd3 Nxf3+ 7. Qxf3 d6 8. Be2 g6 9. d3 Bg7 10. Qg3 O-O 11. Kh1 d5 12. f4 exf4 13. Bxf4 dxe4 14. dxe4 Qa5 15. Bc7 b6 16. a3 Nh5 17. Qe3 Qc5 18. Qxc5 bxc5 19. Na4 Re8 20. Bxh5 gxh5 21. e5 Bxe5 22. Rfe1 f6 23. Nxc5 Bf5 24. Bxe5 Rxe5 25.
Rxe5 fxe5 26. Re1 Bxc2 27. Rxe5 Rd8 28. h3 Rd2 29. b4 Bg6 30. Re7 Bf7 31. Ne4 Rd1+ 32.
Kh2 a6 33. Ra7 Kg7 34. Ng5 Rf1 35. Kg3 Kg6 36. Nxf7 Rxf7 37. Rxf7 Kxf7 38. Kf4 Kf6 39. Ke4 Ke6 40. Kd4 Kd6 41. Kc4 h4 42. Kd4 h5 43.
Kc4 Kd7 44. Kc5 Kc7 45. a4 Kb7 46. Kd4 Kc7 47. Ke5 Kb6 48. Kd6 Kb7 49. a5 c5 50.
Kxc5 Kc8 51. b5 axb5 52. Kxb5 Kb7 53. Kc5 Ka7 54. Kd5 Ka6 55. Ke5 Kxa5 56. Kf5 Kb5 57. Kg5 Kc6 58. Kxh4 Kd7 59. Kxh5 Ke7 1-0

[Event "Early-Titled-Tuesday-Blitz-July-09-2024"]
[Site "Chess.com"]
[Date "2024.07.09"]
[Round "10"]
[White "Mostii"]
[Black "yonaltimur"]
[Result "0-1"]
[WhiteElo "2500"]
[BlackElo "2294"]
[TimeControl "180+1"]
[EndTime "9:57:52 PDT"]
[Termination "yonaltimur won by resignation"]

1. d4 d5 2. Nf3 Nf6 3. g3 g6 4. Bg2 Bg7 5. O-O O-O 6. b3 c6 7. Bb2 Bf5 8. Nbd2 Nbd7 9. c4 Rc8 10. Ne5 Ne4 11. Nxd7 Qxd7 12. Nxe4 Bxe4 13. e3 Bxg2 14. Kxg2 Rfd8 15. Rc1 dxc4 16. Rxc4 c5 17. Qf3 cxd4 18. Rxc8 Qxc8 19. Rc1 Qb8 20. exd4 Bxd4 21. Bxd4 Rxd4 22.
Rc5 b6 23. Rc6 Rd8 24. Qc3 Qb7 25. f3 Qd7 26. Rc7 Qd2+ 27. Qxd2 Rxd2+ 28. Kh3 Rxa2 29. Rxe7 Ra3 30. b4 Rxf3 31. Rxa7 Rb3 32. Ra4 b5 33. Ra7 Rxb4 34. Rb7 Rb2 35. g4 Kg7 36. g5 b4 37.
Kg3 Rb1 38. h4 b3 39. Kg2 b2 40. Kh2 h6 41. Kg2 hxg5 42. hxg5 Kf8 43. Kh2 Ke8 44. Kg2 Kd8 45. Kh2 Kc8 46. Rb3 Kd7 47. Kg2 Ke6 48.
Rb5 Kd6 49. Kh2 Kc6 50. Rb8 Kd5 51. Rb4 Ke5 52. Kg2 Kf5 53. Rb5+ Kg4 54. Kh2 Rf1 55. Rxb2 Kxg5 56. Kg2 Rf4 57. Rb5+ f5 58. Kg3 Ra4 59.
Kf3 Ra3+ 60. Kg2 Kg4 61. Rb6 Ra2+ 62. Kg1 g5 63. Rb4+ f4 64. Rc4 Kg3 65. Rc1 f3 66.
Kh1 Rh2+ 67. Kg1 f2+ 68. Kf1 Rh1+ 69. Ke2 Rxc1 0-1

[Event "Early-Titled-Tuesday-Blitz-July-09-2024"]
[Site "Chess.com"]
[Date "2024.07.09"]
[Round "10"]
[White "Dmitry_Ponomarev"]
[Black "elis06"]
[Result "0-1"]
[WhiteElo "2507"]
[BlackElo "2427"]
[TimeControl "180+1"]
[EndTime "9:57:52 PDT"]
[Termination "elis06 won by checkmate"]

1. e4 c6 2. d4 d5 3. Nd2 dxe4 4.
Nxe4 Nd7 5. Ng5 Ngf6 6. Bc4 e6 7. c3 Be7 8. N5f3 O-O 9. Ne2 c5 10. dxc5 Nxc5 11. O-O Qxd1 12. Rxd1 b6 13. Be3 Bb7 14.
Nfd4 Rfd8 15. Bb5 Rac8 16. Nb3 Rxd1+ 17. Rxd1 Nxb3 18. axb3 Rd8 19. Rxd8+ Bxd8 20. Bd3 Kf8 21. f3 g6 22. Kf2 Ke7 23. Ng3 Nd5 24. Bd2 Bc7 25.
Be4 f5 26. Bxd5 Bxd5 27. b4 Bxg3+ 28. hxg3 e5 29. f4 Ke6 30. fxe5 Kxe5 31. Bf4+ Ke4 32. Ke2 b5 33. Be3 a6 34. Bf4 Bc4+ 35. Kd2 Bf1 36. b3 Bxg2 37. c4 bxc4 38. bxc4 Kd4 39. Bd6 Kxc4 40. Ke3 Kd5 41. Bf8 Ke6 42. Bc5 Kf6 43.
Bd4+ Kg5 44. Kf2 Bc6 45. Be3+ Kg4 46. Bh6 g5 47. Bf8 h5 48. Bd6 f4 49. gxf4 gxf4 50. Be7 h4 51. Kg1 Kg3 52. Bc5 h3 53. Bf2+ Kf3 54.
Bc5 Ke2 55. Kh2 f3 56. Kxh3 f2 57. Bxf2 Kxf2 58. Kg4 Ke3 59. Kg3 Kd3 60. Kf2 Kd2 61. Kf1 Bb5+ 62. Kf2 Bd3 63. Kf3 Kc3 64. Ke3 Bc2 65. Ke2 Bb3 66. Ke3 Bc4 67. Ke4 Kxb4 68. Kd4 Kb3 69. Ke3 a5 70. Kd2 Kb2 71. Ke3 a4 72.
Kd4 a3 73. Kxc4 a2 74. Kc5 a1=Q 75. Kd6 Qa5 76. Ke7 Qb6 77. Kf7 Qd6 78. Kg7 Qe6 79. Kh7 Qf6 80. Kg8 Qe7 81. Kh8 Kc3 82. Kg8 Kd4 83. Kh8 Ke5 84. Kg8 Kf6 85. Kh8 Kg6 86. Kg8 Qd8# 0-1

[Event "Early-Titled-Tuesday-Blitz-July-09-2024"]
[Site "Chess.com"]
[Date "2024.07.09"]
[Round "10"]
[White "FloMasterAAK"]
[Black "dretch"]
[Result "1/2-1/2"]
[WhiteElo "2623"]
[BlackElo "2879"]
[TimeControl "180+1"]
[EndTime "9:57:53 PDT"]
[Termination "Game drawn by repetition"]

1. e4 e6 2. d4 d5 3. Nc3 Nf6 4. Bg5 dxe4 5. Nxe4 Be7 6. Bxf6 Bxf6 7. Nf3 Nd7 8. c3 O-O 9. Bd3 e5 10. Nxf6+ Qxf6 11. O-O exd4 12. Nxd4 Ne5 13. Re1 Nxd3 14. Qxd3 c5 15.
Nb5 Qc6 16. c4 Be6 17. Rad1 h6 18. b3 a6 19. Nc3 b5 20. Nd5 Rfe8 21. h3 bxc4 22.
bxc4 Rab8 23. Qg3 Bxd5 24. cxd5 Qd7 25. Re3 c4 26. Qf4 Rxe3 27. Qxb8+ Re8 28. Qb4 Rc8 29. Qc3 Qd6 30. Rd4 Rc5 31. Rg4 f6 32. Rxc4 Rxd5 33. Rc8+ Kh7 34. Qc2+ f5 35. Kf1 Rd1+ 36. Ke2 Rd5 37. Rc3 Qe5+ 38. Re3 Qd4 39. g3 h5 40.
Kf3 h4 41. g4 Kg6 42. gxf5+ Rxf5+ 43. Kg2 Qf6 44. Rf3 Kg5 45. Qd2+ Kh5 46. Rxf5+ Qxf5 47. Qe2+ Kh6 48. Qxa6+ g6 49. Qe2 Qd5+ 50. f3 Kh7 51. Kf2 Kh6 52. Qe3+ Kh5 53. a3 Qa2+ 54. Kg1 Qa1+ 55.
Kg2 Qa2+ 56. Kf1 Qa1+ 57. Kf2 Qa2+ 58. Kg1 Qa1+ 59. Kf2 Qa2+ 1/2-1/2

[Event "Early-Titled-Tuesday-Blitz-July-09-2024"]
[Site "Chess.com"]
[Date "2024.07.09"]
[Round "10"]
[White "MKlose11"]
[Black "subham777"]
[Result "0-1"]
[WhiteElo "2657"]
[BlackElo "2551"]
[TimeControl "180+1"]
[EndTime "9:57:53 PDT"]
[Termination "subham777 won by resignation"]

1. e4 e6 2. d4 d5 3. Nc3 Nf6 4. Bg5 Be7 5. e5 Nfd7 6. Bxe7 Qxe7 7. f4 a6 8. Nf3 c5 9. Bd3 Nc6 10. Ne2 b5 11. c3 Bb7 12. O-O Rc8 13. Qe1 g6 14. g4 h5 15. f5 hxg4 16. f6 Qf8 17. Nd2 Qh6 18. Rf2 Qe3 19. Nf4 Qxe1+ 20. Rxe1 cxd4 21. Bxg6 Ncxe5 22. cxd4 Nxg6 23. Nxg6 fxg6 24. Rxe6+ Kf8 25. Re7 Bc6 26. Nb3 Re8 27. Na5 Nb8 28. Rc7 Re1+ 29. Kg2 Bd7 30. f7 Re7 31. Rb7 Kg7 32.
f8=Q+ Rxf8 33. Rxf8 Kxf8 34. Rxb8+ Kf7 35. Kf2 Bf5 36. Rb7 Rxb7 37. Nxb7 Kf6 38. Ke3 Bb1 39.
a3 Kg5 40. Nc5 a5 41. Nb7 a4 42. Nd6 Ba2 43. Nxb5 Kh4 44. Kf2 Kh3 45. Kg1 g3 46. hxg3 Kxg3 47. Nc3 Bb3 48. Kf1 g5 49. Nb5 g4 50.
Nd6 Kf3 51. Kg1 g3 52. Nf5 Kf4 53. Nd6 Ke3 54. Nb5 Bc4 55. Nc3 Bb3 56. Nb5 Kd3 57. Kg2 Kc2 58. Kxg3 Kxb2 59. Kf4 Bc4 60. Nd6 Kxa3 61.
Nxc4+ dxc4 62. d5 c3 63. d6 c2 64. d7 c1=Q+ 65. Ke4 Qd1 0-1

[Event "Early-Titled-Tuesday-Blitz-July-09-2024"]
[Site "Chess.com"]
[Date "2024.07.09"]
[Round "10"]
[White "wild3000"]
[Black "brm72"]
[Result "1-0"]
[WhiteElo "2484"]
[BlackElo "2642"]
[TimeControl "180+1"]
[EndTime "9:57:53 PDT"]
[Termination "wild3000 won by resignation"]

1. d4 Nf6 2. g3 e6 3. Bg2 c5 4. Nf3 Nc6 5. O-O cxd4 6. Nxd4 Qb6 7. Nb3 d5 8. Nc3 Be7 9. e4 dxe4 10. Nxe4 O-O 11.
Be3 Qc7 12. Nc3 e5 13. Nb5 Qb8 14. Bc5 Bg4 15. Qd2 Bxc5 16. Nxc5 a6 17. Nc3 Rd8 18. Qe3 Bf5 19. Rac1 Qc7 20. a3 Re8 21. N5e4 Nxe4 22.
Nxe4 Rad8 23. Rfd1 Nd4 24. c3 Nb3 25. Rxd8 Rxd8 26. Re1 f6 27. h4 b6 28. Bf3 Nc5 29. Nxc5 Qxc5 30. Qxc5 bxc5 31. Rd1 Bd3 32. Be4 c4 33. b3 Rc8 34. Bd5+ Kf8 35. b4 Rd8 36. Bb7 Rd6 37. a4 Ke7 38. f3 f5 39. Kf2 e4 40.
fxe4 fxe4 41. Ke3 Ke6 42. Bxe4 Ke5 43. Bxd3 cxd3 44. Rxd3 Rg6 45. Kf3 Rf6+ 46. Kg2 Rc6 47. Kf3 Rc4 48. Ke2 Rg4 49. Kd2 h5 50. Kc2 Re4 51. Kb3 Re1 52. b5 Rb1+ 53. Kc4 Ra1 54. bxa6 Rxa4+ 55. Kb5 Ra1 56. Rd4 Rb1+ 57. Rb4 Ra1 58.
Ra4 Rb1+ 59. Kc6 Rc1 60. c4 Rc3 61. a7 Ra3 62. Rxa3 1-0

[Event "Early-Titled-Tuesday-Blitz-July-09-2024"]
[Site "Chess.com"]
[Date "2024.07.09"]
[Round "10"]
[White "HansOnTwitch"]
[Black "Beca95"]
[Result "1-0"]
[WhiteElo "3147"]
[BlackElo "3006"]
[TimeControl "180+1"]
[EndTime "9:57:54 PDT"]
[Termination "HansOnTwitch won on time"]

1. d4 Nf6 2. c4 e6 3. Nc3 c5 4.
d5 exd5 5. cxd5 d6 6. e4 g6 7. Nf3 a6 8. a4 Bg4 9. Be2 Bxf3 10. Bxf3 Nbd7 11. O-O Bg7 12. Re1 O-O 13. Bf4 Qe7 14.
h3 Rab8 15. Be2 Rfe8 16. Bf1 Nh5 17. Be3 Nhf6 18. Bg5 h6 19. Bd2 g5 20. Qc2 Ne5 21. Ne2 Nh5 22. a5 Qf6 23. Ra3 b5 24. axb6 Rxb6 25. Bc3 Qg6 26. Rea1 Ra8 27. Ra4 g4 28. h4 Nd7 29. g3 Bxc3 30. bxc3 Ne5 31. Bg2 Rab8 32. R4a2 Nf3+ 33. Kh1 Qf6 34. Rf1 Ne5 35.
Ng1 Nf4 36. Qd2 Nxg2 37. Kxg2 Nf3 38. Qe2 Ne5 39. f4 gxf3+ 40. Nxf3 Qg7 41. Nxe5 Qxe5 42.
Rf3 Rb1 43. Rf5 Qxc3 44. Qg4+ Qg7 45. Qxg7+ Kxg7 46. Rxa6 R8b2+ 47. Kh3 Re1 48. Rxd6 Rxe4 49. Rd7 Re3 50. Rdxf7+ Kg8 51. Rf8+ Kg7 52. R5f7+ Kg6 53. h5+ Kxh5 54. Rg7 1-0

[Event "Early-Titled-Tuesday-Blitz-July-09-2024"]
[Site "Chess.com"]
[Date "2024.07.09"]
[Round "10"]
[White "yaguigor"]
[Black "RobertoJBM"]
[Result "1/2-1/2"]
[WhiteElo "2623"]
[BlackElo "2832"]
[TimeControl "180+1"]
[EndTime "9:57:54 PDT"]
[Termination "Game drawn - insufficient material"]

1. e4 c6 2. d4 d5 3. e5 Bf5 4. h4 Qb6 5. Nc3 h6 6. g4 Bd7 7. h5 e6 8. a3 c5 9. Nf3 Nc6 10.
dxc5 Bxc5 11. Qd2 Nd4 12. Bg2 Ne7 13. b4 Nxf3+ 14. Bxf3 Bd4 15. Bb2 Bxe5 16. Nxd5 Qd6 17. Nc3 Qxd2+ 18. Kxd2 O-O-O 19. Ke3 Bc6 20. Rad1 Bxf3 21.
Kxf3 Nc6 22. Na4 Bxb2 23. Nxb2 Rxd1 24. Rxd1 Rd8 25. Rxd8+ Kxd8 26. Ke4 g6 27. hxg6 fxg6 28. Nd3 Ke7 29. c4 b6 30. Nf4 Kf6 31. f3 Ne5 32.
c5 bxc5 33. bxc5 Nc6 34. Nd3 a5 35. f4 h5 36. Kf3 e5 37. Kg3 e4 38. Nf2 e3 39.
Ne4+ Ke6 40. Nc3 Nd4 41. gxh5 gxh5 42. Kg2 Kf5 43. c6 Nxc6 44. Kf3 h4 45. Kxe3 h3 46. Ne2 Kg4 47. Kf2 Ne7 48. Kg1 Nd5 49.
Kh2 Ne3 50. a4 Nf5 51. Nc3 Nd4 52. Nd5 Nc6 53. Ne3+ Kxf4 54. Nc4 Kg4 55. Ne3+ Kh4 56. Nc4 Kg4 57. Ne3+ Kf4 58. Nc4 Ke4 59. Nxa5 Nxa5 60. Kxh3 Kd4 61. Kh4 Kc4 62. Kg5 Kb4 63. Kg6 Kxa4 1/2-1/2

[Event "Early-Titled-Tuesday-Blitz-July-09-2024"]
[Site "Chess.com"]
[Date "2024.07.09"]
[Round "10"]
[White "simonachess"]
[Black "FollowRivers"]
[Result "1-0"]
[WhiteElo "2333"]
[BlackElo "2482"]
[TimeControl "180+1"]
[EndTime "9:57:56 PDT"]
[Termination "simonachess won on time"]

1. d4 Nf6 2. c4 g6 3. Nc3 Bg7 4. e4 d6 5. Be2 O-O 6. Bg5 c5 7.
d5 e6 8. Nf3 exd5 9. exd5 Re8 10. O-O Bg4 11. h3 Bxf3 12. Bxf3 Nbd7 13. Qd2 a6 14. Rae1 Ne5 15. Be2 Rb8 16. a4 Qa5 17.
b3 Qb4 18. Qc2 Ned7 19. Bd2 Qb6 20. f4 Re7 21. Bd3 Rbe8 22. Rxe7 Rxe7 23. Re1 Qd8 24. Qd1 Nh5 25. Ne4 Ndf6 26. Ng5 h6 27. Nf3 Nd7 28. Kh2 Rxe1 29. Qxe1 Kf8 30. g4 Nhf6 31. Bc3 h5 32. g5 Ne8 33. Ba5 b6 34. Bd2 a5 35. Kg2 Qe7 36. Qf2 Ba1 37. Nh4 Bd4 38. Qg3 Kg8 39. f5 gxf5 40. Nxf5 Qe5 41. Bf4 Qh8 42. Nxd6 Nxd6 43. Bxd6 Ne5 44. Be2 Ng6 45. h4 Be5 46.
Bxe5 Qxe5 47. Qxe5 Nxe5 48. Bxh5 Nd3 49. Kf1 Nc1 50. Bd1 Nd3 51. Bc2 Nf4 52. Kf2 Kf8 53. Kf3 Nh3 54. h5 Nxg5+ 55. Kf4 f6 56. Kf5 Kg7 57. d6 Kf7 58. h6 Ne6 59. h7 Nd4+ 60. Ke4 Kg7 61. d7 Nc6 62. Kd5 Nd8 63. Kd6 1-0

[Event "Early-Titled-Tuesday-Blitz-July-09-2024"]
[Site "Chess.com"]
[Date "2024.07.09"]
[Round "10"]
[White "MatthewG-p4p"]
[Black "Jospem"]
[Result "0-1"]
[WhiteElo "2918"]
[BlackElo "3110"]
[TimeControl "180+1"]
[EndTime "9:57:59 PDT"]
[Termination "Jospem won by resignation"]

1. e4 c5 2. c3 d5 3. exd5 Qxd5 4. d4 Nf6 5. Nf3 e6 6. Na3 a6 7. Nc4 Nbd7 8. a4 b6 9. Be2 Bb7 10. O-O Be7 11. Re1 O-O 12. Bf1 Rad8 13. Bf4 cxd4 14. Qxd4 Qh5 15. Nfe5 Bc5 16. Qd1 Qf5 17. Qc1 Ne4 18.
Nd3 Bd5 19. Ne3 Qf6 20. Nxd5 exd5 21. Be3 a5 22. Nxc5 Ndxc5 23. Qc2 Qc6 24. Bb5 Qc7 25. f3 Nf6 26. Bd4 Ne6 27. Be5 Qc5+ 28. Qf2 d4 29.
cxd4 Nxd4 30. Rac1 Ne2+ 31. Bxe2 Qxe5 32. Bb5 Qg5 33. Rc2 Nd5 34. h4 Qf6 35. Rc6 Qf4 36.
Rd1 Ne3 37. Re1 Nf5 38. Rc4 Qd6 39. Rce4 g6 40. h5 Qf6 41. Rf4 Qg5 42. Rg4 Qxh5 43.
Re5 Rd1+ 44. Re1 Rfd8 45. Re4 Qg5 46. Re8+ Kg7 47. Rxd8 Qxd8 48. g4 Rxe1+ 49. Qxe1 Qd4+ 50. Kh2 Qf4+ 51. Kg2 Ne3+ 52. Kf2 Nxg4+ 53. Kg2 Qh2+ 54.
Kf1 Qh1+ 55. Ke2 Qg2+ 56. Kd1 Qxf3+ 57. Be2 Qd5+ 58. Kc1 Qc5+ 59. Kb1 Qe3 60. Qd1 Ne5 61. Qc2 h5 62. Bb5 h4 63. Qc7 Qe4+ 0-1

[Event "Early-Titled-Tuesday-Blitz-July-09-2024"]
[Site "Chess.com"]
[Date "2024.07.09"]
[Round "10"]
[White "luggevoila"]
[Black "GMMikhailKazakov"]
[Result "1/2-1/2"]
[WhiteElo "2343"]
[BlackElo "2509"]
[TimeControl "180+1"]
[EndTime "9:58:01 PDT"]
[Termination "Game drawn - insufficient material"]

1. e4 e5 2. Nf3 Nc6 3. Bb5 a6 4. Ba4 Nf6 5. O-O Be7 6. Re1 b5 7. Bb3 d6 8. c3 O-O 9. h3 Be6 10. d4 Bxb3 11. axb3 exd4 12. cxd4 d5 13. e5 Ne4 14.
Nc3 f5 15. Be3 Bb4 16. Rc1 Ne7 17. Bd2 Bxc3 18. bxc3 f4 19. c4 c6 20. Bb4 h6 21.
cxd5 cxd5 22. Nd2 Nxd2 23. Qxd2 f3 24. g3 Rf7 25. Re3 Qe8 26. Bxe7 Qxe7 27. Rcc3 Raf8 28. Qd1 Qe6 29. Kh2 Qf5 30. e6 Re7 31. Rxf3 Qxe6 32.
Rxf8+ Kxf8 33. Re3 Qd6 34. Qf3+ Ke8 35. Qh5+ Kd8 36. Qh4 Ke8 37. Qh5+ Kd8 38. Qh4 Qf6 39. Qxf6 gxf6 40. Rf3 Re6 41. h4 a5 42. Kh3 a4 43.
bxa4 bxa4 44. Kg4 Ra6 45. Ra3 Kc7 46. Kh5 f5 47. f3 Kc6 48. g4 fxg4 49. fxg4 Kb5 50.
g5 hxg5 51. hxg5 Kb4 52. Ra1 Kb3 53. g6 Kb2 54. Rg1 Ra8 55. g7 Rg8 56. Kh6 a3 57.
Kh7 Rxg7+ 58. Kxg7 Kc3 59. Kf6 Kxd4 60. Ke6 Kc4 61.
Ra1 Kb3 62. Kxd5 Kb2 63. Rg1 a2 64. Rg2+ Kb3 65. Rxa2 Kxa2 1/2-1/2